 Dungeon Crawl Stone Soup version 0.29.1-12-g30fa7ad0bf (webtiles) character file.

Game seed: 7704569324183964710

76292 croobank the Unseen (level 15, -10/107 HPs)
             Began as an Octopode Summoner on Jan 8, 2023.
             Was an Initiate of Gozag.
             Mangled by a demonspawn (16 damage)
             ... on level 2 of the Orcish Mines on Jan 9, 2023.
             The game lasted 02:45:26 (38624 turns).

croobank the Unseen (Octopode Summoner)            Turns: 38624, Time: 02:45:27

Health: -10/107    AC:  7    Str: 15    XL:     15   Next: 53%
Magic:  26/29      EV: 19    Int: 29    God:    Gozag
Gold:   3379       SH: 13    Dex: 19    Spells: 11/35 levels left

rFire   + + .      SeeInvis .   q - +4 dagger (freeze)
rCold   + + +      Faith    .   W - +2 shield of Resistance {rF++ rC++ Will++}
rNeg    + . .      Spirit   .   V - +2 hat {Stlth+}
rPois   .          Reflect  .   y - amulet of magic regeneration
rElec   .          Harm     .   k - +4 ring of protection
rCorr   .          Rampage  .   r - ring of Wam Afi {rN+ Dex+6}
Will    +++..                   I - ring of protection from cold
Stlth   ++++++++..              P - +6 ring of intelligence
HPRegen 0.27/turn               X - +4 ring of slaying
MPRegen 0.61/turn               J - ring of flight
                                o - +6 ring of strength
                                (no ring)

@: flying
A: almost no armour, amphibious, 8 rings, camouflage 1, gelatinous body 1,
(nimble swimmer 1), tentacles
a: Renounce Religion, Potion Petition, Call Merchant, Bribe Branch


You were on level 2 of the Orcish Mines.
You worshipped Gozag.
Gozag was most pleased with you.
You visited 4 branches of the dungeon, and saw 20 of its levels.
You also visited: Gauntlet, Ice Cave and Volcano.

You collected 6601 gold pieces.
You spent 2701 gold pieces at shops.
You paid 521 gold pieces to Gozag.

Inventory:

Hand Weapons
 e - a +4 long sword of draining
 l - a +0 short sword
 p - a +0 war axe
 q - a +4 dagger of freezing (weapon)
 s - the +3 woodcutter's axe {vorpal}
   (You took it off a gnoll bouda on level 4 of the Dungeon)

   It inflicts extra damage upon your enemies.
 K - a +3 scimitar of flaming
Missiles
 f - 17 boomerangs
 G - 5 curare-tipped darts
 L - 6 javelins
Armour
 V - a +2 hat of stealth (worn)
 W - the +2 shield of Resistance (worn) {rF++ rC++ Will++}
   (You bought it in a shop on level 1 of the Lair of Beasts)

   rF:        It greatly protects you from fire.
   rC:        It greatly protects you from cold.
   Will:      It greatly increases your willpower.
Jewellery
 k - a +4 ring of protection (left tentacle)
 o - a +6 ring of strength (on tentacle)
 r - the ring of Wam Afi (right tentacle) {rN+ Dex+6}
   (You bought it in a shop on level 3 of the Dungeon)

   [ring of dexterity]

   Dex:       It affects your dexterity (+6).
   rN:        It protects you from negative energy.
 y - an amulet of magic regeneration (around mantle)
 I - a ring of protection from cold (on tentacle)
 J - a ring of flight (on tentacle)
 P - a +6 ring of intelligence (on tentacle)
 X - a +4 ring of slaying (on tentacle)
Wands
 m - a wand of flame (68)
 t - a wand of roots (10)
 z - a wand of charming (12)
 A - a wand of digging (6)
 H - a wand of light (6)
 O - a wand of mindburst (3)
Scrolls
 h - 3 scrolls of fear
 n - 4 scrolls of immolation
 u - 5 scrolls of identify
 B - a scroll of poison
 C - 2 scrolls of amnesia
 M - 2 scrolls of enchant weapon
 N - 3 scrolls of silence
 Q - a scroll of enchant armour
 R - 4 scrolls of teleportation
 U - a scroll of vulnerability
 Z - a scroll of summoning
Potions
 a - 5 potions of magic
 b - 10 potions of curing
 c - 2 potions of heal wounds
 d - 3 potions of mutation
 g - a potion of cancellation
 i - a potion of resistance
 j - 2 potions of haste
 v - a potion of ambrosia
 w - 2 potions of might
 x - 4 potions of brilliance
 D - 6 potions of lignification
 E - 3 potions of flight
 T - 5 potions of attraction
Miscellaneous
 F - a phial of floods
 S - a tin of tremorstones (2/2)
 Y - a condenser vane


   Skills:
 + Level 11.5 Fighting
 + Level 11.7 Dodging
 + Level 16.0 Stealth
 + Level 6.0 Shields
 + Level 10.7 Spellcasting
 - Level 5.0 Hexes
 + Level 12.2 Summonings
 - Level 7.0 Air Magic


You had 11 spell levels left.
You knew the following spells:

 Your Spells              Type           Power      Damage    Failure   Level
a - Summon Small Mammal   Summ           100%       N/A       1%          1
b - Call Imp              Summ           72%        N/A       1%          2
c - Call Canine Familiar  Summ           72%        N/A       1%          3
d - Summon Guardian Gole  Hex/Summ       60%        N/A       1%          3
e - Summon Lightning Spi  Summ/Air       63%        N/A       1%          4
f - Mephitic Cloud        Conj/Pois/Air  29%        N/A       11%         3
g - Ignite Poison         Fire/Tmut/Pois 15%        N/A       28%         3
h - Swiftness             Air            54%        N/A       1%          3
i - Ensorcelled Hibernat  Hex/Ice        60%        N/A       4%          2

Your spell library contained the following spells:

 Spells                   Type           Power      Damage    Failure   Level
 Shock                    Conj/Air       100%       1d9       2%          1
 Airstrike                Air            27%        2d(4-20)  5%          4
 Magic Dart               Conj           60%        1d6       10%         1
 Conjure Flame            Conj/Fire      15%        6-21      28%         3
 Gell's Gravitas          Tloc           15%        N/A       28%         3
 Lesser Beckoning         Tloc           15%        N/A       28%         3
 Teleport Other           Tloc           15%        N/A       28%         3
 Anguish                  Hex/Necr       15%        N/A       32%         4
 Fulminant Prism          Conj/Hex       15%        3d11      32%         4
 Dispel Undead            Necr           15%        3d10      67%         4
 Petrify                  Tmut/Erth      15%        N/A       67%         4
 Sticky Flame             Conj/Fire      15%        2d4       67%         4
 Metabolic Englaciation   Hex/Ice        15%        N/A       67%         5
 Death Channel            Necr           7%         N/A       100%        6
 Statue Form              Tmut/Erth      10%        N/A       100%        6
 Enfeeble                 Hex            22%        N/A       100%        7
 Corpse Rot               Necr/Pois/Air  Unusable   N/A       N/A         4

Dungeon Overview and Level Annotations

Branches:
Dungeon (12/15)            Temple (1/1) D:4            Lair (5/5) D:9
  Swamp (0/4) Lair:2       Spider (0/4) Lair:3          Orc (2/2) D:10
    Elf (0/3) Orc:2         IceCv (visited)         Volcano (visited)
Gauntlet (visited)
  Slime: Lair:4-5

Altars:
Ashenzari
Cheibriados
Elyvilon
Gozag
Hepliaklqana
Kikubaaqudgha
Makhleb
Nemelex Xobeh
Okawaru
Ru
Sif Muna
Trog
Uskayaw
Vehumet
Wu Jian
Yredelemnul
Zin
The Shining One
Jiyva

Shops:
D:3 *   D:7 *   Orc:2 **   Lair:1 *

Annotations:
D:3 1 runed translucent door, Crazy Yiuf
D:10 2 runed translucent doors, mortz's ghost, journeyman DESu
Lair:5 exclusion: 3 oklob plants
Orc:1 1 runed translucent door, Hivul's ghost, journeyman MiBe


Innate Abilities, Weirdness & Mutations

You cannot wear most types of armour.
You are amphibious.
You can wear up to eight rings at the same time.
Your skin changes colour to match your surroundings (Stealth+).
Your rubbery body absorbs attacks. (AC +1, EV +1)
((You are camouflaged when in or above water. (Stealth+)))
You have tentacles for arms and can constrict up to eight enemies at once.


Message History

You block the demonspawn's attack. The demonspawn completely misses you.
The demonspawn gores you!
* * * LOW HITPOINT WARNING * * *
The demonspawn attacks as you move away!
The demonspawn closely misses you. The demonspawn claws you!
* * * LOW HITPOINT WARNING * * *
You block the demonspawn's attack.
Your lightning spire shoots out a bolt of lightning at the demonspawn!
The bolt of electricity misses the demonspawn.
The bolt of electricity hits the demonspawn!
The bolt of electricity hits your lightning spire.
Your lightning spire completely resists.
Okay, then.
You feel much better. The demonspawn closely misses you. x2
The demonspawn gores you!
* * * LOW HITPOINT WARNING * * *
The demonspawn is distracted by your dazzling golden aura.
The demonspawn shouts!
You block the demonspawn's attack. The demonspawn completely misses you.
You block the demonspawn's attack.
The demonspawn attacks as you move away!
The demonspawn barely misses you. You block the demonspawn's attack.
The demonspawn gores you!
* * * LOW HITPOINT WARNING * * *
Casting: Summon Lightning Spire (mildly dangerous; 1% risk of failure)
Confirm with . or Enter, or press ? or * to list all spells.
The demonspawn is no longer distracted by gold.
The demonspawn hits you but does no damage.
The demonspawn misses you. The demonspawn gores you.
* * * LOW HITPOINT WARNING * * *
Your lightning spire shoots out a bolt of lightning at the demonspawn!
The bolt of electricity hits the demonspawn! x2
The demonspawn attacks as you move away!
The demonspawn hits you!
* * * LOW HITPOINT WARNING * * *
The demonspawn claws you.
* * * LOW HITPOINT WARNING * * *
The demonspawn gores you!
You die...
Your body crumbles into a pile of gold.

##))#### *#))###.## *#..###.8.##
*#..###.#.#.## ##..###..6#.6.##
##..###...###...##
##..###...##.##.§§##
##....h..6##...##§.§##
##....#..@##,,#..##.§.##
##...#....##,,**#..##.#.##
##∩.#.....#*,,*∩,*#.......##
#.....#..##,,,,,,∩##.#.....#
##∩.#.....##,,*∩,*#.....§.##
##...#)...##,,**#..##.#.### ###
##...)#...##,,#..##)..####
##.#####..).....##,..##...####.
##...#.###.[###...##,##.))###...


You could see 2 demonspawn, a friendly warg (summoned) and a friendly lightning
spire (summoned).

Vanquished Creatures
  A two-headed ogre (D:11)
  A death yak (Lair:2)
  Sonja (D:10)
  2 deep elf pyromancers
  3 ugly things
  A deep elf zephyrmancer (D:9)
  An orc sorcerer (Orc:1)
  2 cyclopes (D:11)
  2 black mambas
  2 ice statues
  A gargoyle (D:11)
  A kobold demonologist (D:9)
  A rime drake (Gauntlet)
  A komodo dragon (D:12)
  3 trolls
  Grinder (D:6)
  2 blink frogs (Lair:5)
  2 flying skulls (Gauntlet)
  4 wyverns
  4 yaks
  2 basilisks (Lair:5)
  A steam dragon (Lair:5)
  A warg (D:10)
  A hell hound (Lair:5)
  2 ice beasts
  5 orc warriors
  2 ogres
  7 centaurs
  A lemure (D:3)
  3 phantoms
  5 bullfrogs
  A wight (D:8)
  A killer bee (D:8)
  2 electric eels
  A crimson imp (D:9)
  A howler monkey (D:5)
  4 orc priests
  2 gnoll boudas
  An iguana (D:5)
  Jessica (D:2)
  Natasha (thrice) (D:3)
  3 orc wizards
  A human simulacrum (D:11)
  A gnoll (D:4)
  4 adders
  A shadow imp (D:9)
  A white imp (D:8)
  A worm (D:10)
  2 dart slugs
  26 orcs
  6 bats
  5 endoplasms
  2 giant cockroaches
  8 goblins
  3 hobgoblins
  2 quokkas (D:4)
  3 ball pythons
  2 frilled lizards
  4 kobolds
  3 rats
161 creatures vanquished.

Vanquished Creatures (collateral kills)
  Rupert (Orc:2)
  A fire dragon (Lair:5)
  Fannar (D:10)
  3 hydras
  2 boulder beetles
  2 two-headed ogres
  A death knight (D:11)
  3 death yaks (Lair:2)
  An orc high priest (Orc:2)
  A bog body (Lair:2)
  An orb spider (Lair:3)
  4 orc sorcerers (Orc:2)
  An orc knight (Orc:2)
  A deep elf pyromancer (D:9)
  2 cyclopes
  5 black mambas
  A smoke demon (Orc:2)
  A rust devil (Orc:2)
  2 molten gargoyles (Lair:5)
  3 elephants (Lair:5)
  An orange demon (Orc:2)
  4 cane toads
  Psyche (D:8)
  Maggie (Lair:1)
  2 rime drakes
  2 komodo dragons (Lair:5)
  9 ice devils
  2 anaconda simulacra (IceCv)
  A freezing wraith (IceCv)
  3 trolls
  An efreet (D:9)
  A polar bear (Lair:5)
  Prince Ribbit (D:8)
  6 blink frogs
  2 flying skulls (Gauntlet)
  A dire elephant simulacrum (IceCv)
  A ynoxinul (Orc:2)
  A wraith (D:11)
  5 wyverns
  31 yaks
  A neqoxec (Orc:2)
  A basilisk (Lair:5)
  A steam dragon (Lair:5)
  Menkaure (D:5)
  A warg (D:10)
  A harpy simulacrum (IceCv)
  An acid dragon (D:12)
  3 hell hounds (Lair:5)
  8 water moccasins
  2 black bears
  18 orc warriors
  A swamp drake (D:9)
  3 ogres
  2 wolves (Lair:2)
  A boggart (D:12)
  A centaur (D:6)
  3 kobold brigands
  A phantom (D:5)
  10 bullfrogs
  2 scorpions
  3 cane toad simulacra (IceCv)
  A two-headed ogre simulacrum (IceCv)
  3 wights
  3 elephant simulacra (IceCv)
  9 killer bees
  A howler monkey (D:9)
  5 lava snakes (Lair:5)
  2 hounds
  18 orc priests
  An iron imp (D:9)
  Terence (D:2)
  2 iguanas
  16 orc wizards
  3 polar bear simulacra (IceCv)
  A spriggan simulacrum (IceCv)
  2 gnolls (D:4)
  An adder (D:2)
  A white imp (D:9)
  60 orcs
  6 endoplasms (D:1)
  A giant cockroach (D:1)
  3 goblins
  4 hobgoblins
  3 jackals (D:3)
  13 kobolds
  4 ball pythons
  A bat (D:1)
  2 frilled lizards
  5 rats
350 creatures vanquished.

Vanquished Creatures (others)
  Gastronok (Lair:1)
  A minotaur (Gauntlet)
  3 hydras
  3 two-headed ogres
  A catoblepas (Lair:5)
  A death yak (Lair:2)
  An orc high priest (Orc:2)
  A bog body (Lair:2)
  Pikel (D:3)
  3 orc knights (Orc:2)
  A lindwurm (Lair:5)
  A necromancer (IceCv)
  A manticore (D:9)
  An orc sorcerer (Orc:2)
  Maurice (D:8)
  A black mamba (Lair:5)
  Joseph (D:7)
  A torpor snail (Gauntlet)
  A cane toad (Lair:3)
  2 komodo dragons (Lair:1)
  6 ice devils (IceCv)
  2 freezing wraiths (IceCv)
  A kobold demonologist (D:6)
  2 trolls
  A shadow (D:11)
  5 wraiths
  14 yaks
  3 wyverns
  A dire elephant simulacrum (IceCv)
  A basilisk (Lair:4)
  3 death yak simulacra (IceCv)
  A warg (Orc:2)
  An acid dragon (D:9)
  2 water moccasins
  A hydra simulacrum (IceCv)
  17 orc warriors
  An ogre (D:4)
  A boggart (D:9)
  2 wolves (Lair:2)
  2 kobold brigands
  2 bullfrogs
  Blork the orc (D:6)
  4 cane toad simulacra (IceCv)
  A gnoll sergeant (D:4)
  A scorpion (D:7)
  2 two-headed ogre simulacra (IceCv)
  6 killer bees
  An orc priest (Orc:2)
  A gnoll bouda (D:9)
  Ijyb (D:4)
  An iguana (D:4)
  2 orc wizards
  A polar bear simulacrum (IceCv)
  3 wolf simulacra (IceCv)
  A human simulacrum (D:11)
  8 gnolls (D:4)
  2 naga simulacra (IceCv)
  3 orcs
  2 kobolds
  16 fungi
  48 plants
201 creatures vanquished.

Grand Total: 712 creatures vanquished

Notes
Turn   | Place    | Note
-------+----------+-------------------------------------------
     0 | D:1      | croobank the Octopode Summoner began the quest for the Orb.
     0 | D:1      | Reached XP level 1. HP: 11/11 MP: 3/3
   146 | D:1      | Reached skill level 3 in Stealth
   146 | D:1      | Reached XP level 2. HP: 17/17 MP: 1/5
   149 | D:1      | Learned a level 2 spell: Call Imp
   768 | D:1      | Found a faded altar of an unknown god.
   808 | D:1      | Reached XP level 3. HP: 22/22 MP: 3/6
   812 | D:1      | Learned a level 3 spell: Call Canine Familiar
  1251 | D:2      | Reached skill level 1 in Fighting
  1599 | D:2      | Noticed Jessica
  1604 | D:2      | Killed Jessica
  1605 | D:2      | Reached XP level 4. HP: 26/28 MP: 7/7
  1727 | D:2      | Noticed Terence
  1740 | D:2      | Killed Terence
  1856 | D:2      | Identified the +1 cloak "Jueduaf" {rElec Slay+3}
  2296 | D:3      | Found a glowing golden altar of the Shining One.
  2396 | D:3      | Noticed Natasha
  2400 | D:3      | Reached skill level 4 in Stealth
  2400 | D:3      | Reached XP level 5. HP: 33/33 MP: 9/9
  2403 | D:3      | Killed Natasha
  2593 | D:3      | Noticed a phantom
  2606 | D:3      | Killed a phantom
  2607 | D:3      | Reached XP level 6. HP: 39/39 MP: 6/10
  2827 | D:3      | Noticed Natasha
  2984 | D:3      | Killed Natasha
  3043 | D:3      | Found Kisigh's General Store.
  3084 | D:3      | Bought a scroll of identify for 20 gold pieces
  3234 | D:3      | Noticed Natasha
  3240 | D:3      | Killed Natasha
  3300 | D:3      | Found a runed translucent door.
  3301 | D:3      | Noticed Crazy Yiuf
  3411 | D:3      | Found an ancient bone altar of Kikubaaqudgha.
  3833 | D:4      | Noticed Pikel
  3854 | D:3      | Learned a level 3 spell: Summon Guardian Golem
  3956 | D:3      | Killed Pikel
  3957 | D:3      | Reached skill level 6 in Stealth
  3957 | D:3      | Reached skill level 5 in Summonings
  3957 | D:3      | Reached XP level 7. HP: 35/46 MP: 8/13
  4302 | D:4      | Reached XP level 8. HP: 52/52 MP: 5/14
  4756 | D:4      | Found a staircase to the Ecumenical Temple.
  4765 | Temple   | Entered the Ecumenical Temple
  4774 | Temple   | Became a worshipper of Gozag Ym Sagoz the Greedy
  4803 | D:4      | Found a sacrificial altar of Ru.
  5307 | D:4      | Noticed Ijyb
  5319 | D:4      | Killed Ijyb
  5548 | D:4      | Reached skill level 7 in Stealth
  5898 | D:5      | Entered Level 5 of the Dungeon
  5933 | D:5      | Found an ornate altar of the Wu Jian Council.
  6031 | D:5      | Reached skill level 5 in Dodging
  6133 | D:5      | Noticed Menkaure
  6139 | D:5      | Killed Menkaure
  6436 | D:5      | Found an ancient bone altar of Kikubaaqudgha.
  6455 | D:5      | Reached XP level 9. HP: 40/59 MP: 8/16
  6456 | D:5      | Reached skill level 5 in Spellcasting
  6613 | D:5      | Learned a level 4 spell: Summon Lightning Spire
  6624 | D:5      | Found a burning altar of Makhleb.
  7106 | D:6      | Reached skill level 5 in Fighting
  7106 | D:6      | Reached skill level 8 in Stealth
  7198 | D:6      | Reached skill level 1 in Hexes
  7198 | D:6      | Reached skill level 1 in Air Magic
  7336 | D:6      | Found a bloodstained altar of Trog.
  7405 | D:6      | Noticed Grinder
  7432 | D:6      | Killed Grinder
  7728 | D:6      | Noticed Blork the orc
  7745 | D:6      | Killed Blork the orc
  7760 | D:6      | Noticed a kobold demonologist
  7762 | D:6      | Noticed a troll
  7779 | D:6      | Killed a kobold demonologist
  7779 | D:6      | Killed a troll
  7898 | D:6      | Found a broken altar of Ashenzari.
  7898 | D:6      | Found a sparkling altar of Nemelex Xobeh.
  7934 | D:6      | Reached XP level 10. HP: 67/67 MP: 12/18
  8249 | D:3      | Bought a scroll of fear for 40 gold pieces
  8249 | D:3      | Bought the ring of Wam Afi {rN+ Dex+6} for 472 gold pieces
  8584 | D:7      | Found a hide-covered altar of Uskayaw.
  8698 | D:7      | Found Cipnu's Assorted Antiques.
  8721 | D:7      | Reached skill level 9 in Stealth
  9210 | D:7      | Bought a scroll labelled OREIVIFOVI for 27 gold pieces
  9806 | D:7      | Noticed Joseph
  9829 | D:7      | Killed Joseph
 10601 | D:8      | Noticed Maurice
 10617 | D:8      | Killed Maurice
 10630 | D:8      | Noticed a two-headed ogre
 10647 | D:8      | Killed a two-headed ogre
 10947 | D:8      | Noticed Prince Ribbit
 10960 | D:8      | Killed Prince Ribbit
 11304 | D:8      | Noticed Psyche
 11313 | D:8      | Killed Psyche
 11799 | D:9      | Reached skill level 10 in Stealth
 11809 | D:9      | Reached XP level 11. HP: 74/74 MP: 20/20
 11943 | D:9      | Noticed a boulder beetle
 11964 | D:9      | Killed a boulder beetle
 12007 | D:9      | Noticed a deep elf pyromancer
 12023 | D:9      | Killed a deep elf pyromancer
 12097 | D:9      | Noticed a cyclops
 12109 | D:9      | Killed a cyclops
 12340 | D:9      | Noticed a manticore
 12356 | D:9      | Killed a manticore
 12432 | D:9      | Reached skill level 5 in Hexes
 12694 | D:9      | Found a shimmering blue altar of Sif Muna.
 12725 | D:9      | Reached skill level 5 in Air Magic
 13457 | D:9      | Noticed a two-headed ogre
 13508 | D:9      | Killed a two-headed ogre
 13710 | D:9      | Reached skill level 11 in Stealth
 13774 | D:9      | Noticed a deep elf zephyrmancer
 13777 | D:9      | Killed a deep elf zephyrmancer
 13789 | D:9      | Noticed a deep elf pyromancer
 13798 | D:9      | Killed a deep elf pyromancer
 14378 | D:9      | Found a staircase to the Lair.
 14508 | D:10     | Entered Level 10 of the Dungeon
 14524 | D:10     | Noticed a two-headed ogre
 14527 | D:10     | Noticed Sonja
 14530 | D:10     | Killed Sonja
 14531 | D:10     | Reached XP level 12. HP: 59/82 MP: 16/23
 14535 | D:10     | Killed a two-headed ogre
 14537 | D:10     | HP: 2/82 [troll (15)]
 14889 | Lair:1   | Entered Level 1 of the Lair of Beasts
 15124 | Lair:1   | Noticed Maggie
 15162 | Lair:1   | Found a frozen archway.
 15248 | IceCv    | Entered an ice cave
 15743 | IceCv    | Reached skill level 12 in Stealth
 17162 | IceCv    | Found an ancient bone altar of Kikubaaqudgha.
 18018 | Lair:1   | Reached XP level 13. HP: 90/90 MP: 18/25
 18204 | Lair:1   | Noticed Gastronok
 18222 | Lair:1   | Killed Gastronok
 18240 | Lair:1   | Killed Maggie
 18241 | Lair:1   | Reached skill level 10 in Summonings
 19153 | Lair:1   | Bought a scroll of magic mapping for 195 gold pieces
 19192 | Lair:2   | Found a gate leading to a gauntlet.
 19211 | Gauntlet | Entered a Gauntlet
 19211 | Gauntlet | Found a transporter.
 19211 | Gauntlet | Found a transporter.
 19215 | Gauntlet | Found a transporter.
 19217 | Gauntlet | Found a transporter.
 19238 | Gauntlet | Found a transporter.
 19243 | Gauntlet | Found a transporter.
 19267 | Gauntlet | Found a transporter.
 19274 | Gauntlet | Found a transporter.
 19295 | Gauntlet | Found a transporter.
 19377 | Gauntlet | Found a transporter.
 19377 | Gauntlet | Found a transporter.
 19388 | Gauntlet | Found a transporter.
 19434 | Gauntlet | Found a transporter.
 19451 | Gauntlet | Found a transporter.
 19465 | Gauntlet | Found a transporter.
 19554 | Gauntlet | Reached skill level 13 in Stealth
 19752 | Gauntlet | Noticed an emperor scorpion
 20013 | Gauntlet | Noticed a quicksilver ooze
 20035 | Gauntlet | Found a transporter.
 20336 | Gauntlet | Learned a level 3 spell: Mephitic Cloud
 20347 | Gauntlet | Noticed a minotaur
 20372 | Gauntlet | Killed a minotaur
 20669 | Lair:2   | Learned a level 3 spell: Ignite Poison
 21980 | Lair:2   | Reached skill level 10 in Dodging
 22022 | Lair:2   | Found a staircase to the Swamp.
 22256 | Lair:2   | Identified the +1 robe of the Plum {+Blink rN++ rCorr SInv}
 22704 | Lair:3   | Found a dark tunnel.
 22714 | Volcano  | Entered a volcano
 23036 | Lair:3   | Reached skill level 14 in Stealth
 23173 | Lair:3   | Got Ruqest's Directory of Hexing and Mortification
 23248 | Lair:3   | Found a hole to the Spider Nest.
 24212 | Lair:4   | Reached skill level 10 in Fighting
 24783 | Lair:4   | Reached XP level 14. HP: 99/99 MP: 11/27
 25432 | Lair:5   | Entered Level 5 of the Lair of Beasts
 27488 | Lair:5   | Found a viscous altar of Jiyva.
 27732 | Lair:5   | Reached skill level 10 in Spellcasting
 27867 | Lair:2   | Reached skill level 15 in Stealth
 28025 | Lair:1   | Bought the +2 shield of Resistance {rF++ rC++ Will++} for
                  | 1833 gold pieces
 28025 | Lair:1   | Found the +2 shield of Resistance {rF++ rC++ Will++}
 28533 | Lair:5   | Reached skill level 1 in Shields
 28767 | Lair:5   | Found a large runed translucent door.
 28767 | Lair:5   | Found a large runed translucent door.
 30668 | D:10     | Found a staircase to the Orcish Mines.
 31110 | D:10     | Found a snail-covered altar of Cheibriados.
 31136 | D:10     | Noticed Fannar
 31162 | D:10     | Killed Fannar
 31188 | D:10     | Found a large runed translucent door.
 31188 | D:10     | Found a large runed translucent door.
 31234 | D:10     | Noticed mortz's ghost (journeyman DESu)
 32292 | D:11     | Identified the +8 hand axe "Brush" {freeze, rC+}
 32496 | D:11     | You are sucked into a shaft and drop 1 floor!
 33714 | D:11     | Reached XP level 15. HP: 50/106 MP: 29/29
 34858 | Orc:1    | Entered Level 1 of the Orcish Mines
 34858 | Orc:1    | Noticed Hivul's ghost (journeyman MiBe)
 34858 | Orc:1    | Found a runed translucent door.
 35782 | Orc:2    | Entered Level 2 of the Orcish Mines
 36573 | Orc:2    | Reached skill level 5 in Shields
 36639 | Orc:2    | Noticed an orc warlord
 36659 | Orc:2    | Noticed an orc warlord
 36824 | Orc:2    | Noticed Rupert
 36830 | Orc:2    | Learned a level 3 spell: Swiftness
 36833 | Orc:2    | Learned a level 2 spell: Ensorcelled Hibernation
 36865 | Orc:2    | Killed Rupert
 37201 | Orc:2    | Found a staircase to the Elven Halls.
 37852 | Orc:2    | Found Zuschas's General Store.
 37854 | Orc:2    | Found Eqahie Sore's General Store.
 37995 | Orc:2    | Reached skill level 16 in Stealth
 38053 | Orc:2    | HP: 5/107 [orc priest/divine providence (13)]
 38368 | Orc:2    | Bought a scroll of summoning for 114 gold pieces
 38624 | Orc:2    | Mangled by a demonspawn

Illustrated notes

Levels and vault maps discovered:
D:1:      psy_arrival_fountain, layout_rooms,
          shapermc_ecumenical_altar_acropolis, due_unseen_surprise
D:2:      layout_loops_corners, chequers_garden, grunt_ministairs_3,
          dreamdust_wishing_well, nicolae_kite_square_tiling_tiny,
          minmay_hexomino_f4, uniq_jessica, uniq_terence
D:3:      layout_basic, mainiacjoe_overflow_six_doors_small,
          lemuel_crystal_altar, serial_shops, nicolae_shop_statue_plus,
          minmay_misc_feat_doors, serial_bayou_lagoon_a,
          minmay_stone_trees_large, grunt_ministairs_8, uniq_crazy_yiuf_cottage,
          uniq_natasha
D:4:      layout_loops_corners, nicolae_ru_great_annihilating_truth,
          minmay_temple_entry_antechambers, nrook_mini_backslash,
          pf_guarded_unrand_woodcutter, uniq_ijyb, uniq_pikel
D:5:      layout_gridville, old_standard_altar, hangedman_feature_mirror,
          minmay_fountain_box, palyth_stone_intersect, uniq_menkaure
D:6:      minmay_cornered_nines, layout_rooms, gammafunk_temple_overflow_statue,
          lemuel_coloured_pillars_altar, serial_corexii_hall,
          corexii_hall_statues_l, corexii_hall_statues_x,
          corexii_hall_statues_t, chequers_hall_statues_y,
          corexii_hall_statues_i, corexii_hall_statues_t,
          kennysheep_generic_room_3, uniq_grinder, uniq_blork_the_orc
D:7:      layout_gridville, mainiacjoe_overflow_small_starburst, serial_shops,
          nicolae_shop_overgrown_old_shop, kennysheep_cross_bottleneck,
          hangedman_decor_clover_reticule, uniq_joseph
D:8:      layout_loops_corners, grunt_ministairs_10, uniq_prince_ribbit1,
          uniq_maurice, uniq_psyche
D:9:      nzn_winding_woodlands_medium [nzn_winding_woodlands_5x5_checkerboard,
          nzn_winding_woodlands_5x15_garden,
          nzn_winding_woodlands_5x5_perimeter,
          nzn_winding_woodlands_5x5_open_star,
          nzn_winding_woodlands_center_pierced_h,
          nzn_winding_woodlands_5x5_default, nzn_winding_woodlands_5x5_default,
          nzn_winding_woodlands_5x15_twine, nzn_winding_woodlands_hourglass],
          layout_basic, nicolae_sif_muna_condensation, hex_tiny,
          hangedman_minor_magic
D:10:     layout_loops_ring, slow_altar_2, erik_orc_4,
          ebering_ghost_disaster_area, uniq_fannar, uniq_sonja
D:11:     layout_stronghold, bh_circular_ruins
D:12:     kennysheep_room_grid, layout_cave_pools,
          nicolae_qazlal_scattered_showers
Temple:   hellmonk_temple_two_chambers
Lair:1:   layout_misc_corridors, portal_ice_cave_entry_ice_simulacra,
          beast_lair_carwin_5, infiniplex_staircase_pool, grunt_megastairs_5,
          uniq_maggie, uniq_gastronok
Lair:2:   layout_small_grid, nicolae_swamp_entry_splash_gauntlet,
          gauntlet_entry_generic
Lair:3:   layout_chaotic_city, nicolae_spider_entry_orb_guardian, serial_bayou,
          serial_bayou_pond_a, serial_bayou_pond_a, serial_bayou_lake_a,
          serial_bayou_pond_e, nicolae_volcano_entry_hallway, lemuel_fruit_tree
Lair:4:   layout_hall_layers, minmay_holes, eino_small_chamber_without_monster,
          serial_bayou_shore_a
Lair:5:   cheibrodos_lair_end_hotspot, layout_cave_pods,
          minmay_slime_entry_oklob_enclosed, lemuel_old_faithful
Orc:1:    layout_caves, ebering_ghost_inner_flame, basic_altar, minmay_orc_keep
Orc:2:    pf_orc_diabolical, layout_diamond_mine, basic_altar,
          minmay_orc_treasury, uniq_rupert

Skill      XL: |  1  2  3  4  5  6  7  8  9 10 11 12 13 14 15 |
---------------+----------------------------------------------+-----
Stealth        | 3 4 6 7 8 10 11 12 14 15 16 | 16.0
Fighting       | 1 2 3 4 5 6 7 8 10 11 | 11.5
Dodging        | 3 4 5 6 7 8 9 10 11 | 11.7
Spellcasting   | 3 4 5 6 7 8 9 10 | 10.7
Summonings     | 5 6 7 8 9 10 11 12 | 12.2
Hexes          | 2 4 5 |  5.0
Air Magic      | 2 4 5 6 7 |  7.0
Shields        | 4 6 |  6.0

Action                   |  1- 3 |  4- 6 |  7- 9 | 10-12 | 13-15 || total
-------------------------+-------+-------+-------+-------+-------++-------
Melee: Unarmed           |    41 |       |       |       |       ||    41
       Tentacles         |    12 |    15 |    12 |    30 |    41 ||   110
       Punch             |     1 |     2 |     1 |     3 |     2 ||     9
       Constrict         |    12 |    13 |    11 |    11 |    21 ||    68
       Dagger            |     4 |    64 |    16 |    81 |    72 ||   237
       Battleaxe         |       |       |    41 |    10 |    16 ||    67
       Scimitar          |       |       |       |     9 |    48 ||    57
 Cast: Summon Small Mamm |    34 |     9 |    23 |    24 |    74 ||   164
       Call Imp          |     8 |     6 |    10 |     9 |    45 ||    78
       Call Canine Famil |       |     8 |    17 |    37 |    81 ||   143
       Summon Guardian G |       |     1 |    23 |    83 |   113 ||   220
       Summon Lightning  |       |       |       |    45 |   118 ||   163
       Mephitic Cloud    |       |       |       |       |     3 ||     3
       Ignite Poison     |       |       |       |       |     1 ||     1
Invok: Call Merchant     |       |       |       |       |     1 ||     1
Evoke: Wand              |       |       |       |     4 |     8 ||    12
  Use: Scroll            |       |     8 |       |    18 |     9 ||    35
       Potion            |       |       |       |     4 |    11 ||    15
 Stab: Sleeping          |     5 |    11 |     8 |    13 |    19 ||    56
       Distracted        |       |     1 |     2 |     1 |     3 ||     7
       Invisible         |       |       |       |     3 |     2 ||     5
       Confused          |       |       |       |       |     2 ||     2
Armor: Skin              |     8 |    12 |     9 |    18 |    30 ||    77
Dodge: Dodged            |    25 |    39 |    31 |   106 |   217 ||   418
Block: Other             |       |       |     5 |    30 |     8 ||    43
       Reflection        |       |       |       |     4 |       ||     4
       Kite shield       |       |       |       |       |   117 ||   117
